 Dungeon Crawl Stone Soup version 0.25-a0-322-g3677130cb1 (webtiles) character file.

Game seed: 10805683502694051741, levelgen mode: deterministic

118303 floatRand the Spry (level 16, -13/131 HPs)
             Began as a Merfolk Gladiator on Dec 20, 2019.
             Was a High Priest of Ashenzari.
             Killed from afar by a merfolk aquamancer (34 damage)
             ... with a shard of ice
             ... on level 3 of the Shoals on Dec 27, 2019.
             The game lasted 00:54:25 (34754 turns).

floatRand the Spry (Merfolk Gladiator)             Turns: 34754, Time: 00:54:26

Health: -13/131    AC: 20    Str: 23    XL:     16   Next: 76%
Magic:  0/21       EV: 25    Int: 13    God:    Ashenzari [*****.]
Gold:   2115       SH:  6    Dex: 18    Spells: 15/15 levels left

rFire    . . .     SeeInvis +   z - +2 demon trident (flame)
rCold    + . .     Gourm    .   E - +0 buckler
rNeg     . . .     Faith    .   P - +1 chain mail of the Lair of Beasts {rC+ Str+6} (curse)
rPois    .         Spirit   +   c - +1 helmet (curse)
rElec    .         Reflect  .   s - scarf {Spirit} (curse)
rCorr    .         Harm     .   I - +2 pair of gloves (curse)
MR       +++..     Clarity  +   (boots currently unavailable)
Stlth    ++++......             H - amulet of regeneration (curse)
HPRegen  0.71/turn              v - ring of protection from magic (curse)
MPRegen  0.17/turn              A - ring of protection from magic

@: studying Invocations, very quick
A: change form in water, swift swim, stealthy swim, agile 1, clever 1,
deterioration 1, sense surroundings 1
a: Curse Item, Scrying, Transfer Knowledge, Renounce Religion


You were on level 3 of the Shoals.
You worshipped Ashenzari.
Ashenzari was extremely pleased with you.
You were not hungry.

You visited 5 branches of the dungeon, and saw 27 of its levels.
You also visited: Ossuary and Ice Cave.

You collected 2827 gold pieces.
You spent 712 gold pieces at shops.

Inventory:

Hand Weapons
 z - a +2 demon trident of flaming (weapon)
 D - a +5 spear of freezing
Missiles
 n - 14 curare-tipped darts
 U - a throwing net (quivered)
Armour
 a - +0 fire dragon scales
 c - a cursed +1 helmet (worn)
 d - the cursed +1 pair of boots of the Kraken (melded) {-Cast +Fly Str+6 SInv}
   (You bought it in a shop on level 5 of the Dungeon)

   It affects your strength (+6).
   It lets you see invisible.
   It lets you fly.
   It prevents spellcasting.
   It has a curse placed upon it.
 s - a cursed scarf of spirit shield (worn)
 E - a +0 buckler (worn)
 I - a cursed +2 pair of gloves (worn)
 P - the cursed +1 chain mail of the Lair of Beasts (worn) {rC+ Str+6}
   (You took it off a meliai on level 13 of the Dungeon)

   It affects your strength (+6).
   It protects you from cold.
   It has a curse placed upon it.
Jewellery
 o - an uncursed ring of resist corrosion
 t - an uncursed ring of stealth
 v - a cursed ring of protection from magic (left hand)
 w - a +3 ring of dexterity
 A - a ring of protection from magic (right hand)
 H - a cursed amulet of regeneration (around neck)
 V - an uncursed ring of fire
Wands
 b - a wand of disintegration (30)
 l - a wand of paralysis (16)
 p - a wand of enslavement (8)
 u - a wand of flame (36)
 K - a wand of iceblast (27)
 T - a wand of digging (8)
Scrolls
 e - 6 scrolls of remove curse
 g - 5 scrolls of magic mapping
 h - 10 scrolls of identify
 i - a scroll of torment {unknown}
 m - 2 scrolls of fog
 q - 4 scrolls of amnesia
 x - 4 scrolls of teleportation
 y - 5 scrolls of blinking
 J - 4 scrolls of fear
 S - 4 scrolls of enchant armour
Potions
 j - 2 potions of lignification
 k - 7 potions of curing
 r - 5 potions of brilliance
 B - 3 potions of mutation
 C - 2 potions of cancellation
 F - 2 potions of agility
 G - a potion of invisibility
 M - a potion of resistance
 N - a potion of haste
 O - 3 potions of flight
 Q - 2 potions of magic
 R - 2 potions of might
 X - a potion of heal wounds
Books
 L - a manual of Invocations
Comestibles
 f - 48 rations
 W - 4 chunks of flesh


   Skills:
 + Level 13.6 Fighting
 - Level 14.6 Polearms
 - Level 2.0 Throwing
 + Level 9.3(14.3) Armour
 + Level 17.1 Dodging
 + Level 15.5 Stealth
 - Level 8.2 Shields
 + Level 7.8(10.5) Evocations


You had 15 spell levels left.
You didn't know any spells.
Your spell library contained the following spells:

 Spells                   Type           Power        Failure   Level  Hunger
 Confusing Touch          Hex            #.....       77%         1    ##.....
 Corona                   Hex            #......      77%         1    ##.....
 Slow                     Hex            #.......     88%         2    ###....
 Confuse                  Hex            #.......     98%         3    ####...
 Gell's Gravitas          Tloc           #.........   98%         3    ####...
 Inner Flame              Hex/Fire       #.......     98%         3    ####...
 Portal Projectile        Hex/Tloc       #.....       98%         3    ####...
 Cause Fear               Hex            #.........   100%        4    #####..
 Leda's Liquefaction      Hex/Erth       #.........   100%        4    #####..
 Petrify                  Tmut/Erth      #.......     100%        4    #####..
 Metabolic Englaciation   Hex/Ice        #.........   100%        5    ######.
 Yara's Violent Unravell  Hex/Tmut       #.........   100%        5    ######.


Dungeon Overview and Level Annotations

Branches:
Dungeon (15/15)            Temple (1/1) D:7            Lair (6/6) D:10
 Shoals (3/4) Lair:3        Snake (0/4) Lair:4        Slime (0/5) Lair:5
    Orc (2/2) D:10            Elf (0/3) Orc:2        Vaults (0/5) D:14
 Depths (0/5) D:15        Ossuary (visited)           IceCv (visited)

Altars:
Ashenzari
Cheibriados
Dithmenos
Elyvilon
Fedhas
Gozag
Hepliaklqana
Kikubaaqudgha
Makhleb
Nemelex Xobeh
Okawaru
Qazlal
Ru
Sif Muna
Trog
Uskayaw
Vehumet
Wu Jian
Xom
Yredelemnul
Zin
The Shining One
Beogh

Shops:
D:5 [   D:11 *   D:12 ?   Orc:2 }:**

Portals:
Trove: D:14 (give +3 shadow dragon scales)

Annotations:
D:4 1 runed translucent door, Borgoz's ghost, novice HaGl
D:7 Joseph
D:10 Snorg
Lair:1 exclusion: oklob plant


Innate Abilities, Weirdness & Mutations

You revert to your normal form in water.
You are very nimble and swift while swimming.
You are very stealthy in the water. (Stealth+)
You are agile. (Dex +2)
Your mind is acute. (Int +2)
Your body sometimes deteriorates upon taking damage.
You passively map a small area around you.


Message History

* * * LOW HITPOINT WARNING * * *
The merfolk avatar chants a haunting song.
You are unaffected.
The merfolk aquamancer gestures at you while chanting.
The shard of ice hits you. You partially resist.
* * * LOW HITPOINT WARNING * * *
You rip the net and break free!
The merfolk misses you.
The merfolk hits you but does no damage.
The merfolk aquamancer hits you with a +0 rapier!
* * * LOW HITPOINT WARNING * * *
Your legs become a tail as you enter the water.
The cursed +1 pair of boots of the Kraken {-Cast +Fly Str+6 SInv} melds into your body.
The merfolk avatar chants a haunting song.
You are unaffected.
Unknown command.
The merfolk avatar chants a haunting song.
You are unaffected.
The merfolk aquamancer gestures at you while chanting.
The shard of ice hits you!!! You partially resist.
You die...

, , **
..≈≈≈≈≈≈≈.≈≈.<......... ≈
≈,
,,..≈≈≈≈≈≈≈...≈...........
≈,,
.≈≈≈≈≈≈≈≈..≈≈≈≈≈m....... ,
≈ ≈
≈≈≈≈≈≈≈≈≈≈≈m≈≈≈≈≈≈.).### ≈
≈ ≈≈≈≈≈≈≈≈≈≈≈m≈≈≈≈≈(.≈.##
≈≈≈≈≈≈≈≈≈≈≈≈≈m≈≈≈......#,
≈ ≈≈
≈≈≈≈≈≈≈≈≈≈≈≈≈≈≈≈(....... ≈
≈≈≈≈≈≈≈≈≈≈≈≈≈≈≈≈≈≈≈≈......
≈≈ ≈≈
≈≈≈≈≈≈≈@≈≈≈≈≈≈≈≈≈≈≈≈≈... ≈
≈ ≈≈≈≈≈≈≈≈≈≈≈≈≈≈≈≈≈≈≈≈≈≈..
≈ ≈≈≈≈≈≈≈≈≈≈≈≈≈≈≈≈≈≈≈≈≈≈≈≈
≈ ≈
≈≈≈≈≈≈≈≈≈≈≈≈≈≈≈≈≈≈≈≈≈≈≈≈≈
≈≈≈≈≈≈≈≈≈≈≈≈≈≈≈≈≈≈≈≈≈≈≈≈ ≈
≈ ≈≈≈≈≈≈≈≈≈≈≈≈≈≈≈≈≈≈≈ ≈ ≈
≈ ≈ ≈≈≈≈≈≈≈≈≈≈≈≈≈≈≈≈≈ ≈ ≈
≈ ≈≈≈≈≈≈≈≈≈≈≈≈≈≈≈ ≈≈≈ ≈≈ ≈
≈≈ ≈ ≈ ≈ ≈ ≈≈ ≈ ≈ ≈≈


You could see a merfolk aquamancer and 2 merfolk.

Vanquished Creatures
  Jorgrun (D:14)
  Gastronok (Lair:1)
  Louise (D:15)
  Azrael (D:14)
  An ettin (Orc:1)
  A merfolk javelineer (Shoals:2)
  2 merfolk impalers (Shoals:2)
  A fire dragon (Lair:6)
  7 hydras
  Erolcha (D:10)
  4 two-headed ogres
  2 dancing weapons (D:14)
  2 centaur warriors
  5 death yaks (Lair:6)
  A satyr (Shoals:2)
  2 tengu warriors
  3 orc high priests (Orc:2)
  A vampire mage (D:15)
  Sonja (D:12)
  A skeletal warrior (D:15)
  2 unseen horrors
  6 sea snakes
  8 harpies (Shoals:2)
  A wolf spider zombie (D:10)
  A necromancer (D:15)
  A lindwurm (Lair:6)
  5 orc knights
  11 fauns
  18 ugly things
  5 manticores
  An orb spider (shapeshifter) (D:13)
  A deep elf mage (D:13)
  2 cyclopes (D:13)
  3 orc sorcerers (Orc:2)
  A fire giant skeleton (D:15)
  A centaur zombie (D:12)
  11 elephants
  5 water nymphs
  An elf zombie (D:15)
  A torpor snail (Lair:6)
  7 merfolk sirens
  5 black mambas
  2 molten gargoyles (Lair:6)
  7 spiny frogs
  A gargoyle (D:15)
  2 rime drakes
  An efreet (D:14)
  9 komodo dragons
  2 queen bees
  A yaktaur skeleton (D:15)
  A guardian mummy (D:15)
  9 polar bears
  5 merfolk
  3 meliai (D:13)
  5 trolls
  3 wind drakes (Shoals:1)
  Grinder (D:3)
  5 slime creatures (D:12)
  5 dream sheep
  3 blink frogs (Lair:5)
  A harpy skeleton (D:15)
  14 hippogriffs
  8 snapping turtles
  2 shadows
  7 wyverns
  A vampire (D:14)
  3 water elementals
  4 wraiths
  A centaur simulacrum (D:12)
  39 yaks
  4 basilisks (Lair:6)
  2 steam dragons (Lair:6)
  4 fire elementals
  A human (shapeshifter) (D:13)
  4 hungry ghosts
  4 wargs
  An acid dragon (D:11)
  2 nagas (Lair:4)
  Duvessa (D:7)
  6 hell hounds
  16 water moccasins
  25 orc warriors
  9 porcupines
  11 ice beasts
  4 sky beasts
  2 phantoms
  2 necrophages
  10 ogres
  A hornet zombie (D:14)
  15 centaurs
  3 eyes of draining
  2 black bears
  8 crocodiles
  18 wolves
  A yaktaur zombie (D:15)
  5 big kobolds
  9 bullfrogs
  Dowan (D:7)
  3 scorpions
  43 killer bees
  6 howler monkeys
  A spriggan skeleton (D:9)
  10 wights
  7 electric eels
  10 crimson imps
  10 hounds
  4 lava snakes (Lair:6)
  2 quasits
  3 jellies
  8 centaur skeletons
  19 orc priests
  3 bullfrog skeletons
  26 orc wizards
  5 human zombies (D:11)
  3 iguanas
  Natasha (thrice) (D:3)
  Terence (D:3)
  14 worker ants
  A killer bee zombie (D:7)
  A big kobold zombie (Ossuary)
  2 hound zombies
  2 hound skeletons
  11 mummies
  2 worker ant zombies
  A howler monkey zombie (D:9)
  8 adders
  3 shadow imps
  2 white imps (D:12)
  3 ufetubi (D:12)
  2 worms (D:3)
  3 dart slugs
  5 leopard geckos
  81 orcs
  4 giant cockroaches
  6 goblins
  18 hobgoblins
  15 jackals
  5 quokkas
  2 ball pythons
  6 bats
  7 frilled lizards
  A gnoll zombie (Ossuary)
  A hobgoblin zombie (Ossuary)
  28 kobolds
  2 kobold zombies (Ossuary)
  A leopard gecko skeleton (D:5)
  3 orc zombies (Ossuary)
  8 rats
  A plant (Lair:4)
868 creatures vanquished.

Vanquished Creatures (collateral kills)
  Ilsuiw (Shoals:2)
  A merfolk impaler (Shoals:2)
  A merfolk (Shoals:2)
3 creatures vanquished.

Vanquished Creatures (others)
  A rakshasa (D:15)
  A molten gargoyle (Lair:6)
  A fungus (Lair:6)
  3 plants
6 creatures vanquished.

Grand Total: 877 creatures vanquished

Notes
Turn   | Place    | Note
-------+----------+-------------------------------------------
     0 | D:1      | floatRand the Merfolk Gladiator began the quest for the
                  | Orb.
     0 | D:1      | Reached XP level 1. HP: 16/16 MP: 1/1
    93 | D:1      | Reached skill level 1 in Stealth
    93 | D:1      | Reached XP level 2. HP: 22/22 MP: 2/2
   509 | D:1      | Reached skill level 5 in Polearms
   523 | D:1      | Reached XP level 3. HP: 27/27 MP: 3/3
  1247 | D:2      | Reached XP level 4. HP: 31/33 MP: 4/4
  1350 | D:2      | Reached skill level 5 in Dodging
  1892 | D:3      | Noticed a moth of wrath
  1894 | D:3      | Noticed Terence
  1895 | D:3      | Found a bloodstained altar of Trog.
  1916 | D:3      | Killed Terence
  2010 | D:3      | Reached XP level 5. HP: 39/39 MP: 5/5
  2130 | D:3      | Found a bloodstained altar of Trog.
  2138 | D:3      | Found an iron altar of Okawaru.
  2216 | D:3      | Noticed Natasha
  2222 | D:3      | Killed Natasha
  2751 | D:3      | Noticed Natasha
  2764 | D:3      | Killed Natasha
  2807 | D:3      | Noticed Grinder
  2809 | D:3      | Paralysed by Grinder for 4 turns
  3229 | D:3      | Gained mutation: Your mind is acute. (Int +2) [potion of
                  | mutation]
  3229 | D:3      | Gained mutation: Your body sometimes deteriorates upon
                  | taking damage. [potion of mutation]
  3229 | D:3      | Gained mutation: You passively map a small area around you.
                  | [potion of mutation]
  3229 | D:3      | Gained mutation: You are agile. (Dex +2) [potion of
                  | mutation]
  3236 | D:3      | Killed Grinder
  3236 | D:3      | Reached skill level 6 in Dodging
  3236 | D:3      | Reached XP level 6. HP: 47/47 MP: 6/6
  3341 | D:3      | Noticed Natasha
  3349 | D:3      | Killed Natasha
  3349 | D:3      | Reached XP level 7. HP: 43/53 MP: 7/7
  3977 | D:4      | Reached skill level 7 in Dodging
  4333 | D:4      | Reached skill level 5 in Stealth
  4491 | D:4      | Reached XP level 8. HP: 43/61 MP: 8/8
  4659 | D:4      | Found a runed translucent door.
  4664 | D:4      | Noticed Borgoz's ghost (novice HaGl)
  5102 | D:5      | Entered Level 5 of the Dungeon
  5451 | D:5      | Reached skill level 5 in Fighting
  5580 | D:5      | Found Qenwyum's Antique Armour Emporium.
  6541 | D:6      | Reached skill level 8 in Dodging
  7482 | D:6      | Reached XP level 9. HP: 56/66 MP: 9/9
  7668 | D:5      | Bought a pair of translucent boots for 237 gold pieces
  7668 | D:5      | Identified the +1 pair of boots of the Kraken {-Cast +Fly
                  | Str+6 SInv} (You bought it in a shop on level 5 of the
                  | Dungeon)
  7982 | D:7      | Found a white marble altar of Elyvilon.
  8286 | D:7      | Reached skill level 9 in Dodging
  8324 | D:7      | Noticed Joseph
  8552 | D:7      | Found a staircase to the Ecumenical Temple.
  8557 | D:7      | Found a glowing silver altar of Zin.
  8559 | D:7      | Noticed an angel
  8561 | Temple   | Entered the Ecumenical Temple
  8805 | D:7      | Found a shimmering altar of Xom.
  8860 | D:7      | Noticed Dowan
  8929 | D:7      | Noticed Duvessa
  8957 | D:7      | Killed Duvessa
  8971 | D:7      | Killed Dowan
  8971 | D:7      | Reached skill level 10 in Polearms
  9435 | D:8      | Found a sand-covered staircase.
  9440 | Ossuary  | Entered an ossuary
 10006 | D:5      | Bought a pair of glowing gloves for 187 gold pieces
 10183 | D:8      | Noticed a queen bee
 10211 | D:8      | Killed a queen bee
 10211 | D:8      | Reached skill level 10 in Dodging
 10211 | D:8      | Reached XP level 10. HP: 13/79 MP: 10/10
 11315 | D:8      | Found an ornate altar of the Wu Jian Council.
 11640 | D:9      | Reached skill level 11 in Dodging
 11923 | D:9      | Noticed a two-headed ogre
 11944 | D:9      | Killed a two-headed ogre
 11944 | D:9      | Reached skill level 1 in Shields
 11944 | D:9      | Reached XP level 11. HP: 52/87 MP: 11/11
 12431 | D:9      | Found a blossoming altar of Fedhas.
 12431 | D:9      | Found a shattered altar of Ashenzari.
 12437 | D:9      | Became a worshipper of Ashenzari the Shackled
 12565 | D:9      | Reached skill level 10 in Stealth
 12977 | D:10     | Entered Level 10 of the Dungeon
 13306 | D:10     | Noticed Snorg
 13332 | D:10     | HP: 1/89 [Snorg (22)]
 13815 | D:10     | Noticed Erolcha
 13816 | D:10     | Noticed an unseen horror
 14012 | D:10     | Killed an unseen horror
 14020 | D:10     | Reached skill level 12 in Dodging
 14102 | D:10     | Found a staircase to the Lair.
 14566 | D:10     | Killed Erolcha
 14604 | D:10     | Found a staircase to the Orcish Mines.
 14918 | D:11     | Found an ancient bone altar of Kikubaaqudgha.
 15020 | D:11     | Found Uwkuhoat's General Store.
 15098 | D:11     | Reached skill level 10 in Fighting
 15319 | D:11     | Reached XP level 12. HP: 97/97 MP: 12/12
 15701 | D:11     | Reached skill level 5 in Shields
 16020 | D:12     | Noticed Sonja
 16033 | D:12     | Killed Sonja
 16074 | D:12     | Reached * piety under Ashenzari
 16074 | D:12     | Found a frozen archway.
 16077 | D:12     | Noticed a two-headed ogre
 16094 | D:12     | Killed a two-headed ogre
 16189 | IceCv    | Entered an ice cave
 16222 | IceCv    | Reached skill level 13 in Dodging
 16224 | IceCv    | Found a transporter.
 16290 | IceCv    | Found a transporter.
 16654 | D:12     | Found Ryodek's Magic Scroll Emporium.
 17067 | D:13     | Noticed a tengu warrior
 17110 | D:13     | Killed a tengu warrior
 17264 | D:13     | Reached XP level 13. HP: 100/106 MP: 0/13
 17397 | D:13     | Identified the cursed +1 chain mail of the Lair of Beasts
                  | {rC+ Str+6}
 17632 | D:13     | Reached skill level 1 in Armour
 17639 | D:13     | HP: 3/106 [cyclops (28)]
 18697 | D:12     | Reached skill level 14 in Dodging
 18896 | Lair:1   | Entered Level 1 of the Lair of Beasts
 19175 | Lair:1   | Noticed Gastronok
 19242 | Lair:1   | Killed Gastronok
 19617 | Lair:1   | Reached ** piety under Ashenzari
 20963 | Lair:2   | Reached XP level 14. HP: 104/113 MP: 14/14
 21386 | Lair:3   | Reached skill level 5 in Armour
 21408 | Lair:2   | Reached skill level 1 in Evocations
 22067 | Lair:3   | Reached *** piety under Ashenzari
 22242 | Lair:3   | Found a staircase to the Shoals.
 22782 | Lair:4   | Found a staircase to the Snake Pit.
 23046 | Lair:4   | Identified the +0 ring mail "Zagufav" {rC+ Str+4 Int+3}
 23761 | Lair:5   | Reached **** piety under Ashenzari
 23857 | Lair:5   | Reached skill level 15 in Dodging
 23949 | Lair:5   | Found a burning altar of Makhleb.
 24359 | Lair:5   | Found a staircase to the Slime Pits.
 24890 | Lair:6   | Entered Level 6 of the Lair of Beasts
 26435 | Lair:6   | Reached XP level 15. HP: 42/120 MP: 18/18
 26785 | Lair:6   | Found a large runed translucent door.
 26882 | Lair:6   | Found a large runed translucent door.
 27877 | D:14     | Found a gate to the Vaults.
 28092 | D:14     | Found a portal to a secret trove of treasure.
 28325 | D:14     | Noticed Azrael
 28413 | D:14     | Killed Azrael
 28413 | D:14     | Reached skill level 5 in Evocations
 28707 | D:14     | Noticed Jorgrun
 28729 | D:14     | Killed Jorgrun
 29119 | D:15     | Entered Level 15 of the Dungeon
 29257 | D:15     | Reached skill level 16 in Dodging
 30012 | D:15     | Noticed Louise
 30044 | D:15     | Killed Louise
 30451 | D:15     | Found a staircase to the Depths.
 30784 | Orc:1    | Entered Level 1 of the Orcish Mines
 30784 | Orc:1    | Found a roughly hewn altar of Beogh.
 31202 | Orc:1    | Reached ***** piety under Ashenzari
 31323 | Orc:2    | Entered Level 2 of the Orcish Mines
 31717 | Orc:2    | Found a staircase to the Elven Halls.
 32093 | Orc:2    | Reached XP level 16. HP: 129/129 MP: 20/20
 32396 | Orc:2    | Found Decoed's General Store.
 32396 | Orc:2    | Found Veinoc's Gadget Shop.
 32403 | Orc:2    | Found Qaunerphu's Book Shop.
 32403 | Orc:2    | Found Erodd's Assorted Antiques.
 32476 | Orc:2    | Bought a runed scarf for 288 gold pieces
 32506 | Orc:2    | Upgraded the game from 0.25-a0-302-g9f758675c1 to
                  | 0.25-a0-308-geac79542e2
 32528 | Orc:2    | Upgraded the game from 0.25-a0-308-geac79542e2 to
                  | 0.25-a0-322-g3677130cb1
 32900 | Shoals:1 | Entered Level 1 of the Shoals
 33188 | Shoals:1 | Reached skill level 15 in Stealth
 34238 | Shoals:2 | Found a white marble altar of Elyvilon.
 34355 | Shoals:2 | Reached skill level 17 in Dodging
 34363 | Shoals:2 | Noticed Ilsuiw
 34383 | Shoals:2 | Killed Ilsuiw
 34695 | Shoals:3 | Identified the ring of Zoemaux {rC+ rN+ MR++ Str-4 Int+2}
 34754 | Shoals:3 | Killed from afar by a merfolk aquamancer

Levels and vault maps discovered:
D:1:      minmay_arrival_stair_chambers, layout_basic
D:2:      layout_basic
D:3:      layout_loops_corners, grunt_temple_overflow_open, kennysheep_nub,
          chequers_big_river, minmay_misc_feat_x, tgw_trog, uniq_natasha,
          uniq_terence, uniq_grinder
D:4:      cheibrodos_thug_alley, layout_basic, ebering_ghost_sewer_d
D:5:      layout_rooms, serial_shops, shop_fountains, first_ration
D:6:      layout_rooms, minmay_misc_feat_roman
D:7:      cheibrodos_two_vegetables, layout_layer_cave,
          grunt_temple_overflow_order_and_chaos_1, old_standard_altar,
          minmay_temple_entry_statues_pillars, uniq_duvessa, uniq_joseph
D:8:      layout_loops_ring, marbit_many_paths, enter_ossuary_5, david_nohive_1
D:9:      layout_loops_corners, gammafunk_temple_overflow_wave,
          hangedman_tell_no_tales
D:10:     layout_basic, erik_lair_island, uniq_erolcha, uniq_snorg
D:11:     layout_grid_maze, serial_shops, shop,
          lemuel_mausoleum_altar_kikubaaqudgha
D:12:     layout_rooms, serial_ice, serial_ice_i, serial_ice_n, serial_ice_b,
          serial_ice_f, portal_ice_cave_entry_pillars_1, serial_shops,
          shop_coins, uniq_sonja
D:13:     layout_roguey, special_room [special_room_bee]
D:14:     layout_roguey, erik_vaults_1, grunt_decor_one_mirror, enter_trove_1,
          uniq_azrael, uniq_jorgrun
D:15:     gammafunk_depths_entry_grave, layout_basic,
          hangedman_abyss_or_decor_jellyfish_corner, uniq_louise
Temple:   minmay_temple_curvy_branch
Lair:1:   layout_gridlike, lemuel_fruit_tree, minmay_lair_oklob_chamber,
          uniq_gastronok
Lair:2:   layout_layer_cave, cheibrodos_lair_lostbears, grunt_megastairs_2,
          serial_bayou_shore_a
Lair:3:   layout_regular_city, minmay_shoals_entry_centaurs, grunt_megastairs_4
Lair:4:   layout_gridlike, guppyfry_snake_entry_garden, lemuel_fruit_fields,
          serial_bayou_shore_b
Lair:5:   layout_big_grid, slime_dummy, basic_altar, lemuel_fruit_fields
Lair:6:   cheibrodos_lair_end_hotspot, layout_layer_cave
Shoals:1: layout_shoals
Shoals:2: layout_shoals, lemuel_centaur_altar, uniq_ilsuiw
Shoals:3: layout_shoals, uniq_polyphemus
Orc:1:    layout_caves, basic_altar
Orc:2:    grunt_orc_tribal_feast, layout_diamond_mine, rock_pile

Skill      XL: |  1  2  3  4  5  6  7  8  9 10 11 12 13 14 15 16 |
---------------+-------------------------------------------------+-----
Stealth        | 1 2 4 5 6 8 9 10 12 13 14 15 | 15.5
Polearms       | 5 6 7 9 10 12 13 14 | 14.6
Dodging        | 5 6 7 8 10 11 12 13 14 15 16 17 | 17.1
Fighting       | 3 4 5 7 8 10 11 12 13 | 13.6
Shields        | 1 4 6 8 |  8.2
Armour         | 4 6 8 9 |  9.3
Evocations     | 4 6 7 |  7.8
Throwing       | |  2.0

Action                   |  1- 3 |  4- 6 |  7- 9 | 10-12 | 13-15 | 16-18 || total
-------------------------+-------+-------+-------+-------+-------+-------++-------
Melee: Trident           |    96 |   137 |   685 |   133 |       |       ||  1051
       Tailslap          |       |     1 |       |     7 |       |    30 ||    38
       Spear             |       |       |       |  1382 |  1924 |       ||  3306
       Demon trident     |       |       |       |       |   318 |   487 ||   805
Throw: Throwing net      |       |       |     3 |       |       |       ||     3
       Boomerang         |       |       |     2 |       |       |       ||     2
Invok: Curse Item        |       |       |       |     3 |     2 |     1 ||     6
Evoke: Wand              |       |       |       |     3 |       |     3 ||     6
       Box of beasts     |       |       |       |       |       |     1 ||     1
  Use: Scroll            |       |     9 |     5 |    12 |    12 |       ||    38
       Potion            |       |     2 |     4 |     7 |     4 |     2 ||    19
 Stab: Sleeping          |     1 |    13 |     8 |    34 |    25 |     4 ||    85
       Distracted        |     1 |     1 |     1 |    11 |     1 |     2 ||    17
       Held in net/web   |       |       |     1 |       |       |       ||     1
       Paralysed         |       |       |       |     3 |       |       ||     3
  Eat: Chunk             |     1 |     7 |    17 |    21 |    38 |     8 ||    92
       Ration            |       |       |     2 |     1 |     3 |       ||     6
Armor: Leather armour    |    15 |    14 |    79 |    42 |       |       ||   150
       Troll leather arm |       |       |       |    86 |     6 |       ||    92
       Chain mail        |       |       |       |       |   309 |    66 ||   375
Dodge: Dodged            |    52 |    78 |   439 |   840 |   949 |   289 ||  2647
Block: Buckler           |       |       |       |   208 |   408 |    96 ||   712

Table legend:
 A = Non-vault XP
 B = Vault XP
 C = Vault XP percentage of total XP
 D = Non-vault monster count
 E = Vault monster count
 F = Vault count percentage of total count
                 A         B        C        D         E       F
            +---------+---------+-------+---------+---------+-------
      Total |  117129 |   51876 |  30.7 |     638 |     234 |  26.8
            +---------+---------+-------+---------+---------+-------
        D:1 |      44 |       0 |   0.0 |      23 |       0 |   0.0
        D:2 |      78 |       0 |   0.0 |      25 |       0 |   0.0
        D:3 |     141 |     362 |  72.0 |      16 |       8 |  33.3
        D:4 |     541 |     206 |  27.6 |      18 |      13 |  41.9
        D:5 |     419 |       0 |   0.0 |      17 |       0 |   0.0
        D:6 |     895 |       0 |   0.0 |      23 |       0 |   0.0
        D:7 |     521 |     230 |  30.6 |      14 |       2 |  12.5
        D:8 |    1214 |    1315 |  52.0 |      24 |      17 |  41.5
        D:9 |    4481 |     418 |   8.5 |      46 |       6 |  11.5
       D:10 |    3295 |    1909 |  36.7 |      36 |      10 |  21.7
       D:11 |    4300 |     853 |  16.6 |      52 |      12 |  18.8
       D:12 |    4412 |    2287 |  34.1 |      25 |      13 |  34.2
       D:13 |    8078 |    2189 |  21.3 |      27 |      20 |  42.6
       D:14 |    6602 |    6831 |  50.9 |      17 |      10 |  37.0
       D:15 |   11726 |    5450 |  31.7 |      28 |       9 |  24.3
     Lair:1 |    7284 |    2692 |  27.0 |      29 |       2 |   6.5
     Lair:2 |    3608 |    2143 |  37.3 |      16 |       9 |  36.0
     Lair:3 |    2302 |    2806 |  54.9 |      12 |       8 |  40.0
     Lair:4 |    1724 |     326 |  15.9 |      11 |       2 |  15.4
     Lair:5 |    7125 |       0 |   0.0 |      26 |       0 |   0.0
     Lair:6 |   11905 |    8594 |  41.9 |      29 |      27 |  48.2
   Shoals:1 |   12354 |       0 |   0.0 |      28 |       0 |   0.0
   Shoals:2 |   17528 |    4045 |  18.8 |      32 |      10 |  23.8
   Shoals:3 |     975 |       0 |   0.0 |       3 |       0 |   0.0
      Orc:1 |    3113 |       0 |   0.0 |      19 |       0 |   0.0
      Orc:2 |    2464 |    7696 |  75.7 |      42 |      33 |  44.0
    Ossuary |       0 |     178 | 100.0 |       0 |      16 | 100.0
      IceCv |       0 |    1346 | 100.0 |       0 |       7 | 100.0
            +---------+---------+-------+---------+---------+-------
